 Dungeon Crawl Stone Soup version 0.23.2-1-ga50397a (webtiles) character file.

Game seed: 3548913775055783664

51265 Heatsaber the Covert (level 14, 0/115 HPs)
             Began as a Vine Stalker Enchanter on May 27, 2019.
             Was a High Priest of Ashenzari.
             Succumbed to Arachne's bolt of poison
             ... on level 2 of the Spider Nest on May 28, 2019.
             The game lasted 03:09:37 (16785 turns).

Heatsaber the Covert (Vine Stalker Enchanter)      Turns: 16785, Time: 03:09:38

Health: 0/115      AC: 12    Str: 17    XL:     14   Next: 58%
Magic:  1/36       EV: 19    Int: 19    God:    Ashenzari [*****.]
Gold:   1052       SH:  5    Dex: 15    Spells: 6/29 levels left

rFire    . . .     SeeInvis +   l - +2 dagger (protect)
rCold    . . .     Gourm    .   b - +0 buckler
rNeg     . . .     Faith    .   L - +2 robe {MR+}
rPois    +         Spirit   +   y - +2 helmet (curse)
rElec    .         Reflect  .   J - +2 cloak (curse)
rCorr    .         Harm     .   (no gloves)
MR       ++...     Clarity  +   E - +0 pair of boots (curse)
Stlth    ..........             Y - amulet of magic regeneration
HPRegen  1.09/turn              n - ring of magical power
MPRegen  0.50/turn              q - ring of poison resistance

@: berserking, lethally poisoned (0 -> -5), very slightly contaminated, very
quick
A: fangs 3, regeneration 2, magic shield, antimagic bite, no potion heal 3, rot
immunity
a: Curse Item, Scrying, Transfer Knowledge, Renounce Religion


You were on level 2 of the Spider Nest.
You worshipped Ashenzari.
Ashenzari was extremely pleased with you.
You were not hungry.

You visited 5 branches of the dungeon, and saw 19 of its levels.

You collected 1184 gold pieces.
You spent 132 gold pieces at shops.

Inventory:

Hand Weapons
 e - a +4 scimitar of flaming
 j - a +0 blowgun
 l - a +2 dagger of protection (weapon)
 R - a +0 falchion of electrocution
Missiles
 m - 42 poisoned needles
 u - 4 steel javelins
 v - 7 needles of paralysis
 F - 21 curare-tipped needles
 U - 10 javelins (quivered)
 V - 2 throwing nets
 W - 5 needles of sleeping
Armour
 b - a +0 buckler (worn)
 c - a +0 chain mail of positive energy
 y - a cursed +2 helmet (worn)
 E - a cursed +0 pair of boots (worn)
 J - a cursed +2 cloak (worn)
 L - a +2 robe of magic resistance (worn)
Magical Staves
 a - an uncursed staff of summoning
 S - a cursed staff of cold
Jewellery
 n - a ring of magical power (left hand)
 q - a ring of poison resistance (right hand)
 t - an uncursed ring of resist corrosion
 H - an uncursed ring of protection from fire
 M - an uncursed ring of positive energy
 N - an uncursed ring of positive energy
 T - an uncursed ring of positive energy
 Y - an amulet of magic regeneration (around neck)
Wands
 x - a wand of iceblast (8)
 C - a wand of flame (27)
 D - a wand of acid (19)
Scrolls
 i - 6 scrolls of teleportation
 r - 2 scrolls of magic mapping
 s - 5 scrolls of enchant armour
 A - 2 scrolls of immolation
 G - a scroll of holy word {unknown}
 O - a scroll of amnesia {unknown}
 P - 3 scrolls of enchant weapon
 X - a scroll of remove curse
 Z - a scroll of acquirement
Potions
 f - 2 potions of invisibility
 h - 4 potions of haste
 k - 3 potions of brilliance
 o - a potion of ambrosia
 p - 8 potions of curing
 w - a potion of resistance
 z - a potion of mutation
 K - 2 potions of flight
Comestibles
 d - 24 rations
 I - 6 chunks of flesh


   Skills:
 - Level 10.0 Fighting
 - Level 7.9 Short Blades
 - Level 5.0 Armour
 - Level 7.2(10.0) Dodging
 - Level 10.3(12.7) Stealth
 - Level 4.0 Shields
 - Level 8.0 Spellcasting
 - Level 10.0 Hexes
 + Level 6.2 Necromancy
 - Level 5.0 Transmutations
 - Level 8.0 Ice Magic


You had 6 spell levels left.
You knew the following spells:

 Your Spells              Type           Power        Failure   Level  Hunger
a - Corona                Hex            #####..      1%          1    None
b - Ensorcelled Hibernat  Hex/Ice        #####.       1%          2    None
c - Confuse               Hex            #####...     1%          3    None
d - Tukima's Dance        Hex            #####...     1%          3    None
e - Confusing Touch       Hex            #####.       1%          1    None
f - Apportation           Tloc           #.....       9%          1    None
g - Yara's Violent Unrav  Hex/Tmut       #####.....   12%         5    #####..
h - Animate Skeleton      Necr           N/A          1%          1    None
i - Simulacrum            Ice/Necr       ####......   58%         6    ######.

Your spell library contained the following spells:

 Spells                   Type           Power        Failure   Level  Hunger
 Pain                     Necr           ####         1%          1    None
 Slow                     Hex            #####...     1%          2    None
 Cause Fear               Hex            #####.....   1%          4    ###....
 Vampiric Draining        Necr           ####......   2%          3    None
 Dazzling Spray           Conj/Hex       ####..       3%          3    None
 Inner Flame              Hex/Fire       ####....     3%          3    None
 Ozocubu's Armour         Chrm/Ice       ###.....     5%          3    None
 Metabolic Englaciation   Hex/Ice        #####.....   6%          5    #####..
 Animate Dead             Necr           N/A          7%          4    ###....
 Regeneration             Chrm/Necr      ###.......   8%          3    None
 Summon Small Mammal      Summ           #...         9%          1    None
 Poisonous Vapours        Pois/Air       #.....       14%         2    None
 Conjure Flame            Conj/Fire      #.......     26%         3    None
 Gell's Gravitas          Tloc           #.........   26%         3    None
 Mephitic Cloud           Conj/Pois/Air  #.......     26%         3    None
 Recall                   Summ/Tloc      N/A          26%         3    None
 Petrify                  Tmut/Erth      ###.....     32%         4    ###....
 Summon Mana Viper        Hex/Summ       ####....     32%         5    #####..
 Borgnjor's Vile Clutch   Necr/Erth      ###.......   56%         5    #####..
 Death Channel            Necr           ####......   73%         6    ######.
 Bolt of Magma            Conj/Fire/Erth #.........   94%         5    #####..
 Iskenderun's Battlesphe  Conj/Chrm      #.......     94%         5    #####..
 Venom Bolt               Conj/Pois      #.........   94%         5    #####..
 Freezing Cloud           Conj/Ice/Air   ###.......   99%         6    ######.
 Iron Shot                Conj/Erth      #.........   100%        6    ######.
 Orb of Destruction       Conj           #.........   100%        7    #######
 Ring of Flames           Chrm/Fire      #.........   100%        7    #######
 Spellforged Servitor     Conj/Summ      #.........   100%        7    #######


Dungeon Overview and Level Annotations

Branches:
Dungeon (10/15)            Temple (1/1) D:6            Lair (5/6) D:8
 Shoals (0/4) Lair:3       Spider (2/4) Lair:3          Orc (1/2) D:10
  Slime: Lair:5-6

Altars:
Ashenzari
Cheibriados
Dithmenos
Elyvilon
Fedhas
Gozag
Hepliaklqana
Kikubaaqudgha
Makhleb
Nemelex Xobeh
Okawaru
Qazlal
Ru
Sif Muna
Trog
Uskayaw
Vehumet
Wu Jian
Xom
Yredelemnul
Zin
The Shining One

Shops:
D:6 ?

Annotations:
D:3 3 runed translucent doors, cab's ghost, amateur GrEE
Lair:4 exclusion: ice statue
Spider:2 Arachne


Innate Abilities, Weirdness & Mutations

You have razor-sharp teeth.
You heal very quickly.
When hurt, damage is shared between your health and your magic reserves.
Your bite disrupts and absorbs the magic of your enemies.
Potions cannot restore your health.
You are immune to rotting.


Message History

The bolt of poison hits you!
You are more poisoned.
You resist.
* * * LOW HITPOINT WARNING * * *
Casting: Confuse (safe; 1% risk of failure)
Confirm with . or Enter, or press ? or * to list all spells.
You don't have enough magic to cast that spell.
You cannot throw anything while caught in a web.
Casting: Confuse (safe; 1% risk of failure)
Confirm with . or Enter, or press ? or * to list all spells.
You don't have enough magic to cast that spell.
You cannot throw anything while caught in a web.
A red film seems to cover your vision as you go berserk!
You feel yourself moving faster!
You feel mighty!
Your surroundings suddenly seem different.
* * * LOW HITPOINT WARNING * * *
You feel sick.
Unknown command.
You feel a strong urge to attack something.
You die...

.##.....#...##.#.## ......##.....
###......###......##...#s.#......
#...........#........ #..##......
##.......###........###..##....#.
##.......##.........<#...#†.^.###
#.......##..............#○#####.
#......###...........#...§####..
#......##.................§§§...
#..>.†.##......@.........#§§§...
*#......##.............###.§{§...
*#....#.................##..{....
..###.................#.#...{....
#. ##...............###.........
#. ,...............### ##.......H
...........####..^#* #....##s.
,.............#*#.##.. ##...#...
.............# .##,... ....###


There were no monsters in sight!

Vanquished Creatures
  2 ghost moths (Spider:1)
  2 entropy weavers (Spider:1)
  3 hydras
  Erica (D:9)
  6 death yaks
  An orc high priest (Orc:1)
  Pikel (D:9)
  3 orb spiders
  6 wolf spiders (Spider:1)
  2 oklob plants
  2 moths of wrath (Spider:2)
  4 elephants (Lair:5)
  2 black mambas
  A merfolk siren (Lair:3)
  2 rime drakes (Lair:4)
  3 komodo dragons
  A torpor snail (Spider:1)
  7 spiny frogs
  An ice devil (Lair:4)
  4 demonic crawlers
  6 jumping spiders
  6 polar bears
  2 trolls
  A merfolk (Lair:3)
  11 blink frogs
  A slime creature (D:6)
  33 redbacks
  6 hippogriffs
  13 tarantellas
  37 yaks
  3 basilisks
  2 steam dragons
  8 water moccasins
  14 porcupines
  2 orc warriors
  5 ice beasts
  4 sky beasts
  2 ogres
  2 phantoms
  11 wolves
  4 centaurs (D:7)
  5 crocodiles
  Blork the orc (D:4)
  15 bullfrogs
  4 scorpions
  6 killer bees (D:10)
  4 electric eels
  A crimson imp (D:10)
  2 bullfrog zombies
  2 bullfrog skeletons
  13 hounds
  5 jellies
  4 orc priests
  2 centaur skeletons
  3 orc wizards
  3 iguanas
  5 hell rats (Lair:3)
  6 worker ants
  A hound zombie (D:5)
  A hound skeleton (D:8)
  A worker ant zombie (D:5)
  3 gnolls (D:4)
  4 adders
  A shadow imp (D:5)
  2 white imps (Lair:4)
  23 oozes
  An adder zombie (D:6)
  An adder skeleton (D:5)
  3 worms
  4 dart slugs
  2 leopard geckos
  22 orcs
  6 bats
  7 giant cockroaches
  7 hobgoblins
  27 jackals
  5 quokkas
  5 frilled lizards
  16 goblins
  5 kobolds
  A leopard gecko zombie (D:5)
  4 rats
460 creatures vanquished.

Vanquished Creatures (collateral kills)
  An ogre (D:7)
  3 orcs
4 creatures vanquished.

Vanquished Creatures (others)
  3 dancing weapons
  3 orcs (D:8)
  13 fungi
  3 plants
22 creatures vanquished.

Grand Total: 486 creatures vanquished

Notes
Turn   | Place    | Note
-------+----------+-------------------------------------------
     0 | D:1      | Heatsaber the Vine Stalker Enchanter began the quest for
                  | the Orb.
     0 | D:1      | Reached XP level 1. HP: 9/9 MP: 4/4
    70 | D:1      | Reached skill level 1 in Short Blades
   408 | D:1      | Reached XP level 2. HP: 13/13 MP: 4/6
   637 | D:1      | Reached XP level 3. HP: 14/16 MP: 7/7
   641 | D:1      | Learned a level 2 spell: Ensorcelled Hibernation
   645 | D:1      | Learned a level 3 spell: Confuse
   929 | D:1      | Found a shattered altar of Ashenzari.
  1028 | D:1      | Became a worshipper of Ashenzari the Shackled
  1223 | D:2      | Found a faded altar of an unknown god.
  1995 | D:3      | Gained mutation: Your natural rate of healing is unusually
                  | fast. [Vine Stalker growth]
  1995 | D:3      | Reached XP level 4. HP: 21/21 MP: 9/9
  2232 | D:3      | Found a runed translucent gate.
  2232 | D:3      | Found a runed translucent gate.
  2233 | D:3      | Found a runed translucent gate.
  2236 | D:3      | Noticed cab's ghost (amateur GrEE)
  2272 | D:3      | Learned a level 3 spell: Tukima's Dance
  2288 | D:3      | Found an opulent altar of Gozag.
  2471 | D:3      | HP: 1/21 [orc wizard (2)]
  2474 | D:3      | Reached XP level 5. HP: 2/24 MP: 0/10
  2810 | D:4      | Noticed Blork the orc
  2822 | D:4      | Killed Blork the orc
  2822 | D:4      | Reached skill level 5 in Stealth
  2875 | D:4      | Reached XP level 6. HP: 28/28 MP: 12/12
  2930 | D:4      | Reached * piety under Ashenzari
  3296 | D:4      | Found a shadowy altar of Dithmenos.
  3596 | D:5      | Entered Level 5 of the Dungeon
  3742 | D:5      | Reached XP level 7. HP: 32/32 MP: 14/14
  3965 | D:5      | Reached skill level 5 in Hexes
  4442 | D:6      | Noticed a slime creature
  4444 | D:6      | Gained mutation: You have razor-sharp teeth. [Vine Stalker
                  | growth]
  4444 | D:6      | Reached XP level 8. HP: 36/36 MP: 16/16
  4462 | D:6      | Killed a slime creature
  4462 | D:6      | Reached skill level 5 in Spellcasting
  4787 | D:6      | Found Cufotten's Magic Scroll Emporium.
  4795 | D:6      | Bought a scroll of remove curse for 33 gold pieces
  4795 | D:6      | Bought a scroll of remove curse for 33 gold pieces
  4795 | D:6      | Bought a scroll of teleportation for 33 gold pieces
  4795 | D:6      | Bought a scroll of remove curse for 33 gold pieces
  4883 | D:6      | Found a staircase to the Ecumenical Temple.
  4891 | Temple   | Entered the Ecumenical Temple
  5050 | D:7      | Reached skill level 5 in Short Blades
  5124 | D:7      | Reached XP level 9. HP: 39/39 MP: 17/17
  5457 | D:7      | Found a bloodstained altar of Trog.
  5862 | D:8      | Reached ** piety under Ashenzari
  5916 | D:7      | Found a snail-covered altar of Cheibriados.
  6131 | D:8      | Learned a level 1 spell: Confusing Touch
  6260 | D:8      | Reached skill level 1 in Fighting
  6284 | D:8      | Reached skill level 1 in Armour
  6399 | D:8      | Noticed a troll
  6434 | D:8      | Killed a troll
  6492 | D:8      | Learned a level 1 spell: Apportation
  6667 | D:8      | Found a staircase to the Lair.
  6850 | Lair:1   | Entered Level 1 of the Lair of Beasts
  6988 | Lair:1   | Noticed a five-headed hydra
  7002 | Lair:1   | Killed a five-headed hydra
  7002 | Lair:1   | Reached XP level 10. HP: 41/49 MP: 17/18
  7264 | Lair:1   | Noticed a spiny frog
  7271 | Lair:1   | Killed a spiny frog
  7272 | Lair:1   | Noticed a five-headed hydra
  7279 | Lair:1   | Killed a five-headed hydra
  7383 | Lair:1   | Reached skill level 5 in Fighting
  7620 | Lair:2   | Noticed a spiny frog
  7642 | Lair:2   | Killed a spiny frog
  7707 | Lair:2   | Noticed a black mamba
  7865 | Lair:2   | Reached *** piety under Ashenzari
  7866 | Lair:2   | Reached skill level 5 in Armour
  7866 | Lair:2   | Reached XP level 11. HP: 55/55 MP: 19/19
  8072 | Lair:2   | Noticed a five-headed hydra
  8088 | Lair:2   | Killed a five-headed hydra
  8177 | Lair:2   | Noticed an oklob plant
  8200 | Lair:2   | Killed an oklob plant
  8200 | Lair:2   | Reached skill level 10 in Stealth
  8416 | Lair:2   | Learned a level 5 spell: Yara's Violent Unravelling
  8447 | Lair:2   | Reached skill level 1 in Transmutations
  8645 | Lair:2   | Reached skill level 10 in Hexes
  9178 | Lair:3   | Reached **** piety under Ashenzari
  9303 | Lair:3   | Found a staircase to the Shoals.
  9316 | Lair:3   | Reached skill level 1 in Shields
  9620 | Lair:3   | Identified the +0 dagger of Soroloul {antimagic, rPois rF-
                  | Str-5 Dex+9}
  9660 | Lair:3   | Identified the +5 ring mail of Xyxtomusk {-Cast rN++ Int+3}
  9828 | Lair:3   | Found a hole to the Spider Nest.
  9828 | Lair:3   | Noticed an orb spider
  9920 | Lair:3   | Killed an orb spider
  9920 | Lair:3   | Gained mutation: You heal very quickly. [Vine Stalker
                  | growth]
  9920 | Lair:3   | Reached XP level 12. HP: 62/62 MP: 20/20
 10124 | Lair:4   | Reached skill level 5 in Transmutations
 11228 | Lair:4   | Identified the Collected Works on Execration and
                  | Enhancements (You found it on level 4 of the Lair of
                  | Beasts)
 11451 | Lair:5   | Reached skill level 1 in Ice Magic
 11708 | Lair:5   | Reached XP level 13. HP: 69/69 MP: 25/25
 13059 | Lair:5   | Reached ***** piety under Ashenzari
 13379 | Lair:5   | Learned a level 1 spell: Animate Skeleton
 13552 | D:9      | Noticed Erica
 13558 | D:9      | Killed Erica
 13558 | D:9      | Reached skill level 5 in Ice Magic
 13614 | D:9      | Noticed Pikel
 13625 | D:9      | Killed Pikel
 13722 | D:10     | Entered Level 10 of the Dungeon
 14262 | D:10     | Found a staircase to the Orcish Mines.
 14348 | D:10     | Reached skill level 5 in Dodging
 14710 | Orc:1    | Entered Level 1 of the Orcish Mines
 14956 | Spider:1 | Entered Level 1 of the Spider Nest
 14975 | Spider:1 | Reached skill level 10 in Fighting
 15032 | Spider:1 | Noticed a ghost moth
 15040 | Spider:1 | Killed a ghost moth
 15040 | Spider:1 | Reached skill level 1 in Necromancy
 15068 | Spider:1 | Learned a level 6 spell: Simulacrum
 15273 | Spider:1 | Reached XP level 14. HP: 70/77 MP: 27/27
 15326 | Spider:1 | Noticed an entropy weaver
 15519 | Spider:1 | Killed an entropy weaver
 15646 | Spider:1 | Noticed a ghost moth
 16257 | Spider:1 | Killed a ghost moth
 16357 | Spider:1 | Noticed an entropy weaver
 16381 | Spider:1 | Killed an entropy weaver
 16477 | Spider:1 | Identified a scroll of acquirement
 16515 | Spider:2 | Reached skill level 5 in Necromancy
 16726 | Spider:2 | Noticed Arachne
 16773 | Spider:2 | HP: 3/77 [Arachne/poison arrow (10)]
 16783 | Spider:2 | HP: 1/77 [Arachne/bolt of poison (7)]
 16785 | Spider:2 | Succumbed to Arachne's bolt of poison

Skill      XL: |  1  2  3  4  5  6  7  8  9 10 11 12 13 14 |
---------------+-------------------------------------------+-----
Short Blades   | 1 2 3 4 6 7 |  7.9
Stealth        | 4 5 6 8 10 | 10.3
Spellcasting   | 3 4 5 7 8 |  8.0
Hexes          | 4 5 6 7 8 10 | 10.0
Fighting       | 3 5 6 8 10 | 10.0
Armour         | 3 5 |  5.0
Transmutations | 4 5 |  5.0
Shields        | 1 4 |  4.0
Dodging        | 2 5 7 |  7.2
Ice Magic      | 2 6 8 |  8.0
Necromancy     | 2 6 |  6.2

Action                   |  1- 3 |  4- 6 |  7- 9 | 10-12 | 13-15 || total
-------------------------+-------+-------+-------+-------+-------++-------
Melee: Dagger            |   161 |   215 |   394 |   372 |   442 ||  1584
       Bite              |    41 |    49 |   111 |   101 |   123 ||   425
 Fire: Blowgun           |       |     5 |       |       |       ||     5
Throw: Javelin           |       |     1 |       |       |       ||     1
 Cast: Corona            |     5 |       |     3 |     5 |    32 ||    45
       Ensorcelled Hiber |     2 |    29 |    42 |    98 |   113 ||   284
       Confuse           |       |    10 |    26 |    62 |    36 ||   134
       Tukima's Dance    |       |     9 |     5 |       |     4 ||    18
       Confusing Touch   |       |       |    13 |    20 |    42 ||    75
       Apportation       |       |       |       |    19 |       ||    19
       Animate Skeleton  |       |       |       |       |     6 ||     6
       Simulacrum        |       |       |       |       |     1 ||     1
Invok: Curse Item        |       |       |     4 |     1 |       ||     5
Evoke: Wand              |       |       |       |    15 |     8 ||    23
  Use: Scroll            |     2 |     3 |     6 |       |    14 ||    25
       Potion            |       |       |     1 |       |     7 ||     8
 Stab: Sleeping          |     4 |    23 |    25 |    59 |   100 ||   211
       Confused          |       |     4 |    16 |    56 |    49 ||   125
       Distracted        |       |       |       |     1 |       ||     1
  Eat: Chunk             |     4 |     9 |     9 |    19 |    10 ||    51
       Ration            |       |       |     1 |       |     2 ||     3
Armor: Robe              |     4 |    44 |   132 |    85 |    94 ||   359
       Chain mail        |    68 |       |       |       |       ||    68
Dodge: Dodged            |    26 |   138 |   195 |   174 |   213 ||   746
Block: Buckler           |       |       |       |    12 |    68 ||    80
